 Dungeon Sprint DCSS version 0.17-b1-36-g7b1967c (webtiles) character file.

9651 hexophile the Severer (level 11, -9/111 HPs)
             Began as a Ghoul Fighter on Nov 6, 2015.
             Was the Champion of Makhleb.
             Mangled by Bith the pandemonium lord (12 damage)
             ... in the Dungeon (Sprint V: "Ziggurat Sprint").
             The game lasted 00:04:10 (310 turns).

hexophile the Severer (Ghoul Fighter)                Turns: 310, Time: 00:04:10

Health: -9/111     AC: 19    Str: 44    XL:     11   Next: 49%
Magic:  10/10      EV:  2    Int:  3    God:    Makhleb [******]
Gold:   0          SH:  0    Dex:  8    Spells: 0 memorised, 10 levels left

rFire  + . .     SeeInvis +     G - +14 obsidian axe {chop, +Fly Str+3 SInv *Curse} (curse)
rCold  + + .     Clarity  .     m - +5 gold dragon armour {rC+ rF+ rPois}
rNeg   + + +     SustAt   .     b - +3 large shield
rPois  ∞         Gourm    .     (no helmet)
rElec  .         Spirit   .     (no cloak)
rCorr  .         Warding  .     (no gloves)
rMut   .         NoTele   +     (no boots)
MR     .....                    q - amulet of regeneration {+Regen}
Stlth  ..........               B - +6 ring of strength
                                A - +6 ring of strength

@: mighty, petrifying (expiring), mesmerised, very slightly contaminated,
rotting, hasted and slowed, silenced, very slow, not resistant to hostile
enchantments, extremely unstealthy
A: rotting body, claws 1, carnivore 3, cold resistance 1, negative energy
resistance 3, slow regeneration 1, torment resistance, unbreathing
a: Renounce Religion, Evoke Flight


You were in the Dungeon.
You worshipped Makhleb.
Makhleb was exalted by your worship.
You were not hungry.

You visited 1 branch


Innate Abilities, Weirdness & Mutations

Your body is rotting away.
You thrive on raw meat.
You are immune to poison.
You have sharp fingernails.
You are carnivorous and can eat meat at any time.
Your flesh is cold resistant.
You are immune to negative energy.
You regenerate slowly when monsters are visible.
You are immune to unholy pain and torment.
You can survive without breathing.

Inventory:

Hand Weapons
 l - a +5 broad axe
 G - the cursed +14 obsidian axe (weapon) {chop, +Fly Str+3 SInv *Curse}
   (You found it in the Dungeon)

   It inflicts extra damage upon your enemies.
   It affects your strength (+3).
   It lets you see invisible.
   It lets you fly.
   It may re-curse itself when equipped.
   It has a curse placed upon it.
Armour
 b - a +3 large shield (worn)
 m - a +5 gold dragon armour (worn) {rC+ rF+ rPois}
Jewellery
 q - an amulet of regeneration (around neck) {+Regen}
 A - a +6 ring of strength (left claw)
 B - a +6 ring of strength (right claw)
Wands
 c - a wand of disintegration (7)
 C - a wand of fire (5)
 D - a wand of cold (5)
 E - a wand of draining (5)
Scrolls
 k - 4 scrolls of blinking
 r - a scroll of brand weapon
 s - 3 scrolls of recharging
 t - 6 scrolls of fog
 u - 5 scrolls of identify
 w - 2 scrolls of fear
 y - 5 scrolls of remove curse
Potions
 d - 4 potions of might {Str+5 DMG+1d10}
 f - 10 potions of curing
 g - 10 potions of heal wounds
 h - 4 potions of haste
 i - 7 potions of magic
 n - 2 potions of brilliance {Archmagi Int+5 Wiz++}
 o - 2 potions of invisibility
 p - 4 potions of resistance {rF+ rC+ rPois rElec rCorr}
 z - 5 potions of agility {Stlth+ Dex+5 EV+5}
Miscellaneous
 j - a lamp of fire
 v - a disc of storms
 x - a sack of spiders
 F - a box of beasts
 H - an ornate deck of defence
Comestibles
 a - 13 chunks of flesh
 e - 5 meat rations


You had 10 spell levels left.
You didn't know any spells.


   Skills:
 - Level 14.7 Fighting
 * Level 20.0 Axes
 * Level 4.3 Armour
 * Level 3.0 Dodging
 * Level 4.2 Shields

Dungeon Overview and Level Annotations

Branches:
Dungeon (1/1)

Altars:
Ashenzari
Cheibriados
Dithmenos
Elyvilon
Fedhas
Gozag
Kikubaaqudgha
Makhleb
Nemelex Xobeh
Okawaru
Qazlal
Ru
Sif Muna
Trog
Vehumet
Xom
Yredelemnul
Zin
The Shining One
Beogh
Jiyva
Lugonu

Vault maps used:
D:        sprint_v
You       could see Bith, Koxzatoque, Retosm, Toloena, Umeofi Logg, a cacodemon,
          a four-headed hydra, 2 rust devils, a sixfirhy, a smoke demon and a
          crimson imp.


Message History

You feel better.
You slice Bith!!
Bith is heavily wounded.
You slash Koxzatoque!
Koxzatoque is moderately wounded.
Your sixfirhy hits the cacodemon but does no damage.
Your sixfirhy hits the cacodemon!
Your sixfirhy shocks the cacodemon.
The cacodemon resists.
Your sixfirhy closely misses the cacodemon.
Bith hits you!
* * * LOW HITPOINT WARNING * * *
Toloena hits you!
* * * LOW HITPOINT WARNING * * *
Koxzatoque hits your sixfirhy!! The cacodemon gestures at you.
Your sixfirhy appears confused.
The rust devil hits your sixfirhy.
Your sixfirhy dies!
You lost 14 HP.
You have now: 23/111 HP.
Your shield and gold dragon armour prevent you from hitting Toloena.
Toloena is moderately wounded.
You cut Koxzatoque into ribbons!!!
Koxzatoque is heavily wounded.
You hit Bith but do no damage.
Bith is heavily wounded.
You slice the rust devil!!
The rust devil is almost dead.
Visions of slaying the rust devil flood into your mind.
Bith hits you!!
* * * LOW HITPOINT WARNING * * *
Toloena completely misses you. Koxzatoque hits you.
The cacodemon gestures at you.
You feel yourself slow down. Bith hits you.
* * * LOW HITPOINT WARNING * * *
Your limbs are stiffening.
You lost 14 HP.
You have now: 9/111 HP.
Unknown command.
Drink which item? (? for menu, Esc to quit)
Okay, then.
Read which item? (? for menu, Esc to quit)
Okay, then.
Drink which item? (? for menu, Esc to quit)
Okay, then.
Visions of slaying Bith flood into your mind.
The sixfirhy hits you.
* * * LOW HITPOINT WARNING * * *
The sixfirhy shocks you!
* * * LOW HITPOINT WARNING * * *
The sixfirhy hits you but does no damage. x2
Bith hits you!!
You die...

Action                   |  1- 3 |  4- 6 |  7- 9 | 10-12 || total
-------------------------+-------+-------+-------+-------++-------
Melee: Broad axe         |     3 |    11 |    27 |    34 ||    75
  Use: Potion            |     2 |       |     1 |     2 ||     5
       Scroll            |     1 |       |       |       ||     1
  Eat: Chunk             |       |     4 |     2 |     2 ||     8

Notes
Turn   | Place    | Note
--------------------------------------------------------------
     0 | D        | hexophile the Ghoul Fighter began the quest for the Orb.
     0 | D        | Reached XP level 1. HP: 19/19 MP: 0/0
     0 | D        | Found an iron altar of Okawaru.
     0 | D        | Found a radiant altar of Vehumet.
     0 | D        | Found a burning altar of Makhleb.
     0 | D        | Found a shimmering altar of Xom.
     0 | D        | Found a deep blue altar of Sif Muna.
    10 | D        | Found a roughly hewn altar of Beogh.
    10 | D        | Found a corrupted altar of Lugonu.
    10 | D        | Found a viscous altar of Jiyva.
    10 | D        | Found a white marble altar of Elyvilon.
    10 | D        | Found a sparkling altar of Nemelex Xobeh.
    10 | D        | Found a bloodstained altar of Trog.
    16 | D        | Banished a spatial maelstrom
    60 | D        | Reached skill level 7 in Axes
    60 | D        | Reached XP level 2. HP: 26/26 MP: 1/1
    67 | D        | Became a worshipper of Makhleb the Destroyer
    96 | D        | Entered arena 1.
    96 | D        | Noticed a naga
   101 | D        | Killed a naga
   101 | D        | Reached * piety under Makhleb
   101 | D        | Reached skill level 9 in Axes
   101 | D        | Reached XP level 3. HP: 31/31 MP: 2/2
   101 | D        | Reached XP level 4. HP: 38/38 MP: 3/3
   123 | D        | Entered arena 2.
   123 | D        | Noticed a large abomination
   123 | D        | Noticed an iron imp
   127 | D        | Reached skill level 10 in Axes
   127 | D        | Reached XP level 5. HP: 45/45 MP: 4/4
   129 | D        | Killed a large abomination
   129 | D        | Reached skill level 11 in Axes
   129 | D        | Reached XP level 6. HP: 51/51 MP: 5/5
   130 | D        | Killed an iron imp
   130 | D        | Reached ** piety under Makhleb
   132 | D        | Got the +7 hand axe "Tounoc" {freeze, rC+ Int+4}
   141 | D        | Entered arena 3.
   141 | D        | Noticed an orc wizard
   141 | D        | Noticed an orc priest
   144 | D        | Killed an orc priest
   144 | D        | Reached skill level 12 in Axes
   144 | D        | Reached *** piety under Makhleb
   146 | D        | Killed an orc wizard
   155 | D        | Entered arena 4.
   155 | D        | Noticed a deep elf mage
   155 | D        | Noticed a deep elf mage
   155 | D        | Noticed a deep elf mage
   155 | D        | Noticed a deep elf fighter
   159 | D        | Killed a deep elf fighter
   159 | D        | Reached skill level 4 in Fighting
   159 | D        | Reached skill level 13 in Axes
   159 | D        | Reached XP level 7. HP: 55/60 MP: 6/6
   160 | D        | Killed a deep elf mage
   160 | D        | Reached **** piety under Makhleb
   160 | D        | Reached skill level 6 in Fighting
   162 | D        | Killed a deep elf mage
   162 | D        | Reached skill level 7 in Fighting
   162 | D        | Reached skill level 14 in Axes
   163 | D        | Killed a deep elf mage
   163 | D        | Reached XP level 8. HP: 62/74 MP: 7/7
   168 | D        | Entered arena 5.
   168 | D        | Noticed a naga
   168 | D        | Noticed a green ugly thing
   168 | D        | Noticed a purple ugly thing
   168 | D        | Noticed a porcupine
   168 | D        | Noticed a centaur
   170 | D        | Killed a porcupine
   170 | D        | Reached skill level 8 in Fighting
   173 | D        | Killed a centaur
   173 | D        | Reached ***** piety under Makhleb
   175 | D        | Killed a green ugly thing
   175 | D        | Reached skill level 9 in Fighting
   175 | D        | Reached skill level 15 in Axes
   176 | D        | a naga changed into a golden eye
   184 | D        | Killed a cyan ugly thing
   184 | D        | Reached skill level 10 in Fighting
   184 | D        | Reached XP level 9. HP: 68/85 MP: 8/8
   198 | D        | Entered arena 6.
   198 | D        | Noticed a hippogriff
   198 | D        | Noticed a giant frog
   198 | D        | Noticed a porcupine
   198 | D        | Noticed a komodo dragon
   198 | D        | Noticed a spiny frog
   203 | D        | Killed a giant frog
   203 | D        | Reached skill level 16 in Axes
   205 | D        | Killed a hippogriff
   205 | D        | Killed a spiny frog
   206 | D        | Reached ****** piety under Makhleb
   206 | D        | Killed a komodo dragon
   206 | D        | Reached skill level 11 in Fighting
   208 | D        | Killed a porcupine
   222 | D        | Entered arena 7.
   222 | D        | Noticed a troll
   222 | D        | Noticed an ogre
   222 | D        | Noticed a hill giant
   222 | D        | Noticed an ogre
   222 | D        | Noticed an ogre
   222 | D        | Noticed a hill giant
   227 | D        | Killed an ogre
   227 | D        | Reached skill level 17 in Axes
   227 | D        | Killed an ogre
   228 | D        | Killed a hill giant
   228 | D        | Reached XP level 10. HP: 95/97 MP: 9/9
   229 | D        | Killed a troll
   229 | D        | Reached skill level 12 in Fighting
   231 | D        | Killed an ogre
   233 | D        | Killed a hill giant
   233 | D        | Reached skill level 18 in Axes
   242 | D        | Got the +1 chain mail "Veer" {MR+ Int+4}
   245 | D        | Got the ring of Miasch {Fire Slay+2}
   247 | D        | Entered arena 8.
   247 | D        | Noticed a yaktaur
   247 | D        | Noticed a vampire mosquito
   247 | D        | Noticed a yaktaur captain
   247 | D        | Noticed a vault guard
   247 | D        | Noticed a vault guard
   247 | D        | Noticed a vault guard
   247 | D        | Noticed a vault guard
   248 | D        | Killed a vampire mosquito
   253 | D        | Killed a vault guard
   253 | D        | Reached skill level 13 in Fighting
   259 | D        | Killed a yaktaur captain
   260 | D        | Killed a vault guard
   260 | D        | Reached skill level 19 in Axes
   260 | D        | Reached XP level 11. HP: 106/108 MP: 10/10
   260 | D        | Killed a yaktaur
   260 | D        | Reached skill level 14 in Fighting
   260 | D        | Killed a vault guard
   264 | D        | Killed a vault guard
   269 | D        | Got the +3 steam dragon armour of Lilixef {Int+8, rSteam}
   271 | D        | Entered arena 9.
   271 | D        | Noticed a spriggan
   271 | D        | Noticed a wolf
   271 | D        | Noticed a spriggan
   271 | D        | Noticed a black bear
   271 | D        | Noticed a spriggan rider
   271 | D        | Noticed a wolf
   271 | D        | Noticed a black bear
   271 | D        | Noticed a wolf
   272 | D        | Killed a wolf
   273 | D        | Killed a wolf
   273 | D        | Reached skill level 3 in Armour
   273 | D        | Reached skill level 3 in Shields
   274 | D        | Killed a wolf
   274 | D        | Reached skill level 1 in Dodging
   276 | D        | Killed a spriggan
   277 | D        | Killed a black bear
   278 | D        | Killed a black bear
   278 | D        | Killed a spriggan
   278 | D        | Reached skill level 2 in Dodging
   279 | D        | Killed a wasp
   279 | D        | Killed a spriggan
   300 | D        | Entered arena 10.
   300 | D        | Noticed a sixfirhy
   300 | D        | Noticed a rust devil
   300 | D        | Noticed Umeofi Logg the pandemonium lord
   300 | D        | Noticed a crimson imp
   300 | D        | Noticed Bith the pandemonium lord
   300 | D        | Noticed Koxzatoque the pandemonium lord
   300 | D        | Noticed Retosm the pandemonium lord
   300 | D        | Noticed Toloena the pandemonium lord
   301 | D        | Noticed a quicksilver dragon
   304 | D        | Noticed a four-headed hydra
   304 | D        | Killed a sixfirhy
   304 | D        | Reached skill level 20 in Axes
   304 | D        | Reached skill level 4 in Armour
   304 | D        | Reached skill level 3 in Dodging
   304 | D        | Reached skill level 4 in Shields
   305 | D        | Noticed a cacodemon
   310 | D        | HP: 3/111 [sixfirhy[Umeofi Logg] (4)]
   310 | D        | Mangled by Bith the pandemonium lord

Table legend:
 A = Turns spent in this place as a percentage of turns spent in the entire game.
 B = Non-inter-level travel turns spent in this place as a percentage of non-inter-level travel turns spent in the entire game.
 C = Inter-level travel turns spent in this place as a percentage of turns spent in this place.
 D = Turns resting spent in this place as a percentage of non-inter-level travel turns spent in this place.
 E = Turns spent auto-exploring this place as a percentage of non-inter-level travel turns spent in this place.
 F = Non-inter-level travel turns spent in this place divided by the number of levels of this place that you've seen.
                   A       B       C       D       E      F
               +-------+-------+-------+-------+-------+----------------------
         Total | 100.0 | 100.0 |   0.0 |   0.0 |   0.0 | 335.0
       Dungeon | 100.0 | 100.0 |   0.0 |   0.0 |   0.0 | 335.0
               +-------+-------+-------+-------+-------+----------------------

Table legend:
 A = Kills in this place as a percentage of kills in entire the game.
 B = Kills by you in this place as a percentage of kills by you in the entire game.
 C = Kills by friends in this place as a percentage of kills by friends in the entire game.
 D = Other kills in this place as a percentage of other kills in the entire game.
 E = Experience gained in this place as a percentage of experience gained in the entire game.
 F = Experience gained in this place divided by the number of levels of this place that you have seen.
                   A       B       C       D       E      F
               +-------+-------+-------+-------+-------+----------------------
         Total | 100.0 | 100.0 | 100.0 |  -nan | 100.0 | 13778.0
       Dungeon | 100.0 | 100.0 | 100.0 |  -nan | 100.0 | 13778.0
               +-------+-------+-------+-------+-------+----------------------

Vanquished Creatures
  3 vault guards (D)
  A yaktaur captain (D)
  2 hill giants (D)
  A sixfirhy (D)
  2 ugly things (D)
  A yaktaur (D)
  A troll (D)
  3 deep elf magi (D)
  A deep elf fighter (D)
  3 spriggans (D)
  A hippogriff (D)
  A vampire mosquito (D)
  A golden eye (shapeshifter) (D)
  A large abomination (D)
  A naga (D)
  3 wolves (D)
  A porcupine (shapeshifter) (D)
  A porcupine (D)
  A wasp (D)
  2 black bears (D)
  A centaur (shapeshifter) (D)
  3 ogres (D)
  A giant frog (D)
  An orc priest (D)
  An orc wizard (D)
  A shadow imp (D)
  An ufetubus (D)
  2 orcs (D)
  A jackal (D)
  A ball python (D)
44 creatures vanquished.

Vanquished Creatures (collateral kills)
  A vault guard (D)
  A spiny frog (D)
  A komodo dragon (D)
  An iron imp (D)
4 creatures vanquished.

Vanquished Creatures (others)
  A spatial maelstrom (D)
1 creature vanquished.

Grand Total: 49 creatures vanquished
